 Dungeon Sprint DCSS version 0.17-a0-2122-g03d97ec (webtiles) character file.

312 Kidiri the Covert (level 6, 0/28 HPs)
             Began as a Spriggan Enchanter on Oct 21, 2015.
             Was an Initiate of Dithmenos.
             Slain by a spatial vortex (22 damage)
             ... in the Dungeon (Sprint III: "The Ten Rune Challenge").
             The game lasted 00:03:42 (587 turns).

Kidiri the Covert (Spriggan Enchanter)               Turns: 587, Time: 00:03:43

Health: 0/28       AC:  6    Str:  4    XL:     6   Next: 18%
Magic:  14/17      EV: 25    Int: 18    God:    Dithmenos [......]
Gold:   23         SH:  0    Dex: 19    Spells: 5 memorised, 7 levels left

rFire  + . .     SeeInvis +     a - +1 dagger
rCold  . . .     Clarity  .     b - +1 robe
rNeg   . . .     SustAt   .     (shield restricted)
rPois  .         Gourm    .     (helmet restricted)
rElec  .         Spirit   .     k - +2 cloak {MR+}
rCorr  .         Warding  .     (gloves unavailable)
rMut   .         NoTele   +     (boots unavailable)
MR     ++...                    (no amulet)
Stlth  +++++.....               (no ring)
                                (no ring)

@: very quick, very resistant to hostile enchantments, quite stealthy
A: unfitting armour, horns 1, see invisible, clever 1, fire resistance 1,
herbivore 3, speed 3, slow metabolism 2
a: Renounce Religion


You were in the Dungeon.
You worshipped Dithmenos.
Dithmenos was noncommittal.
You were not hungry.

You visited 1 branch You collected 23 gold pieces.

Inventory:

Hand Weapons
 a - a +1 dagger (weapon)
Armour
 b - a +1 robe (worn)
 k - a +2 cloak of magic resistance (worn)
Scrolls
 j - a scroll of blinking
 n - a scroll of holy word
 p - 2 scrolls of remove curse
 s - a scroll of torment
Potions
 e - a potion of curing
 f - a potion of heal wounds
 g - 2 potions of haste
 h - 2 potions of magic
 q - 3 potions of cure mutation
 r - 4 potions of flight
Books
 c - a book of Maledictions

   Spells                             Type                      Level
   a - Corona                         Hexes                        1
   b - Ensorcelled Hibernation        Hexes/Ice                    2
   c - Confuse                        Hexes                        3
   d - Tukima's Dance                 Hexes                        3
   e - Dazzling Spray                 Conjuration/Hexes            3
Comestibles
 d - 2 bread rations
 t - 2 royal jellies


   Skills:
 * Level 6.0 Short Blades
 + Level 2.5 Armour
 * Level 8.1 Dodging
 * Level 9.5 Stealth
 * Level 7.0 Spellcasting
 + Level 2.1 Conjurations
 + Level 5.8 Hexes
 + Level 2.6 Ice Magic
 + Level 0.0 Invocations


You had 7 spell levels left.
You knew the following spells:

 Your Spells              Type           Power        Failure   Level  Hunger
a - Corona                Hex            ####...      1%          1    None
b - Ensorcelled Hibernat  Hex/Ice        ###...       2%          2    None
c - Confuse               Hex            ####....     2%          3    ##.....
d - Tukima's Dance        Hex            ####....     2%          3    ##.....
e - Dazzling Spray        Conj/Hex       ###.....     10%         3    ##.....


Dungeon Overview and Level Annotations

Branches:
Dungeon (1/1)

Altars:
Dithmenos
Gozag
Makhleb
Nemelex Xobeh
Qazlal
Ru
Xom
Jiyva
Lugonu


Innate Abilities, Weirdness & Mutations

You are tiny and cannot use many weapons and most armour.
You have supernaturally acute eyesight.
You are a herbivore.
You cover ground extremely quickly.
You need consume almost no food.
You have a pair of small horns on your head.
Your mind is acute. (Int +2)
Your flesh is heat resistant.


Message History

A spatial vortex comes into view.
Found a phantom mirror.
Found eight altars.
There is an open door here.
There is a sacrificial altar of Ru here.
There is a viscous altar of Jiyva here.
Unknown command.
The spatial vortex closely misses you.
There is a shadowy altar of Dithmenos here.
You kneel at the altar of Dithmenos.
Dithmenos welcomes you!
Casting: Dazzling Spray
Confirm with . or Enter, or press ? or * to list all spells.
Aiming: Dazzling Spray
Press: ? - help, Shift-Dir - straight line, f - spatial vortex
Aim: a spatial vortex The spray of energy hits the spatial vortex.
The spatial vortex is lightly damaged.
The spatial vortex hits you. Space warps horribly around you!
Ouch! That really hurt!
You die...

#### ##.# ...#####..#
....#).#..#
#...#..#..###+#+###+##
##..##+#..#..........#
##..###...'.⌠........#
#..####...#...######'#
#..###....#.⌠.#_v#...#
...##.....#...#_@#...#
...#......#+###__#...#
.##.#.....# #__#...+
.#####....# #_.'...#
▓▓ ▓▓▓▓▓▓ ▓▓▓▓▓▓▓▓


You could see a spatial vortex.

Vanquished Creatures
  A shadow (D)
  A water elemental (D)
  Crazy Yiuf (D)
  A jelly (D)
  Jessica (D)
  A human (D)
  2 oozes (D)
  A rat (D)
9 creatures vanquished.

Vanquished Creatures (others)
  2 draconian scorchers (D)
  2 yaktaurs (D)
4 creatures vanquished.

Grand Total: 13 creatures vanquished

Notes
Turn   | Place    | Note
--------------------------------------------------------------
     0 | D        | Kidiri the Spriggan Enchanter began the quest for the Orb.
     0 | D        | Reached XP level 1. HP: 9/9 MP: 5/5
    13 | D        | Reached skill level 5 in Stealth
    15 | D        | Reached XP level 2. HP: 13/13 MP: 7/7
    19 | D        | Learned a level 2 spell: Ensorcelled Hibernation
    38 | D        | Noticed Jessica
    58 | D        | Killed Jessica
    58 | D        | Reached skill level 1 in Armour
    58 | D        | Reached skill level 6 in Stealth
    58 | D        | Reached XP level 3. HP: 7/16 MP: 0/9
    63 | D        | Learned a level 3 spell: Confuse
    67 | D        | Learned a level 3 spell: Dazzling Spray
   240 | D        | Killed a white draconian scorcher
   245 | D        | Noticed Crazy Yiuf
   248 | D        | Killed Crazy Yiuf
   248 | D        | Reached skill level 5 in Dodging
   248 | D        | Reached skill level 1 in Ice Magic
   251 | D        | Reached skill level 7 in Stealth
   251 | D        | Reached XP level 4. HP: 21/21 MP: 5/11
   255 | D        | Killed a white draconian scorcher
   303 | D        | Learned a level 3 spell: Tukima's Dance
   323 | D        | Gained mutation: You are dopey. (Int -2) [potion of mutation]
   323 | D        | Gained mutation: You possess an exceptional clarity of mind. [potion of mutation]
   326 | D        | Lost mutation: You are dopey. (Int -2) [potion of cure mutation]
   326 | D        | Lost mutation: You possess an exceptional clarity of mind. [potion of cure mutation]
   327 | D        | Gained mutation: Your flesh is heat resistant. [potion of mutation]
   327 | D        | Gained mutation: Your mind is acute. (Int +2) [potion of mutation]
   327 | D        | Gained mutation: You have a pair of small horns on your head. [potion of mutation]
   336 | D        | Noticed a water elemental
   339 | D        | Killed a water elemental
   339 | D        | Reached skill level 5 in Spellcasting
   339 | D        | Reached skill level 1 in Conjurations
   339 | D        | Reached skill level 5 in Hexes
   339 | D        | Reached XP level 5. HP: 24/24 MP: 12/14
   360 | D        | Noticed a jelly
   361 | D        | Noticed a shadow
   380 | D        | Killed a yaktaur
   394 | D        | Killed a shadow
   394 | D        | Reached skill level 5 in Short Blades
   394 | D        | Reached skill level 8 in Dodging
   394 | D        | Reached skill level 9 in Stealth
   394 | D        | Reached XP level 6. HP: 18/28 MP: 1/16
   502 | D        | Killed a yaktaur
   572 | D        | Killed a jelly
   581 | D        | Found a stormy altar of Qazlal.
   582 | D        | Found a sacrificial altar of Ru.
   582 | D        | Found a burning altar of Makhleb.
   582 | D        | Found a viscous altar of Jiyva.
   582 | D        | Found a shimmering altar of Xom.
   582 | D        | Found a shadowy altar of Dithmenos.
   582 | D        | Found a sparkling altar of Nemelex Xobeh.
   582 | D        | Found a corrupted altar of Lugonu.
   582 | D        | Found an opulent altar of Gozag.
   582 | D        | Noticed a spatial vortex
   586 | D        | Became a worshipper of Dithmenos the Shadowed
   587 | D        | Slain by a spatial vortex

Vault maps used:
D:        dungeon_sprint_mu

Action                   |  1- 3 |  4- 6 || total
-------------------------+-------+-------++-------
Melee: Dagger            |    10 |    14 ||    24
 Cast: Ensorcelled Hiber |     5 |       ||     5
       Dazzling Spray    |       |     6 ||     6
  Use: Potion            |       |     4 ||     4
       Scroll            |       |     3 ||     3
 Stab: Sleeping          |     5 |     2 ||     7
